 Dungeon Crawl Stone Soup version 0.19-a0-593-gf2cdb02 (webtiles) character file.

2412 Kilingo the Magician (level 9, -11/64 HPs)
             Began as a Formicid Earth Elementalist on June 10, 2016.
             Was a Follower of Vehumet.
             Mangled by an orc warrior
             ... wielding a +0 war axe
              (14 damage)
             ... on level 6 of the Dungeon.
             The game lasted 02:01:11 (8741 turns).

Kilingo the Magician (Formicid Earth Elementalist)  Turns: 8741, Time: 02:01:11

Health: -11/64     AC: 10    Str: 13    XL:     9   Next: 76%
Magic:  0/16       EV: 13    Int: 17    God:    Vehumet [*.....]
Gold:   453        SH:  0    Dex: 12    Spells: 3 memorised, 13 levels left

rFire  + . .     SeeInvis +     H - +2 trident of Mun Mudo {pierce, rN++}
rCold  x . .     Gourm    .     h - +3 leather armour
rNeg   + + .     Faith    .     (no shield)
rPois  .         Spirit   .     (helmet unavailable)
rElec  .         Dismiss  .     C - +0 cloak
rCorr  .         Reflect  .     (no gloves)
SustAt .         Harm     .     (no boots)
MR     .....                    (no amulet)
Stlth  ++........               q - ring of fire
                                j - +3 ring of protection

@: not resistant to hostile enchantments, unstealthy
A: permanent stasis, dig shafts and tunnels, four strong arms, antennae 3
a: Dig, Shaft Self, Renounce Religion


You were on level 6 of the Dungeon.
You worshipped Vehumet.
Vehumet was aware of your devotion.
You were not hungry.

You visited 2 branches of the dungeon, and saw 7 of its levels.

You collected 453 gold pieces.

Inventory:

Hand Weapons
 a - a +0 dagger
 y - a +1 spear of flaming
 H - the +2 trident of Mun Mudo (weapon) {pierce, rN++}
   (You found it on level 5 of the Dungeon)

   It inflicts extra damage upon your enemies.
   It greatly protects you from negative energy.
 Q - a +0 blowgun
Missiles
 b - 143 stones
 E - 5 tomahawks of returning (quivered)
 F - a throwing net
 R - 9 poisoned needles
Armour
 f - a +0 ring mail
 h - a +3 leather armour (worn)
 C - a +0 cloak (worn)
 G - the cursed +1 plate armour "Ibby" {*Corrode rElec rPois Regen+, unknown}
   (You found it on level 5 of the Dungeon)

   It insulates you from electricity.
   It protects you from poison.
   It increases your rate of regeneration.
   It may corrode you when you take damage.
   It has a curse placed upon it.
Jewellery
 j - a +3 ring of protection (left hand)
 q - a ring of fire (right hand)
 D - an uncursed ring of ice
Wands
 c - a wand of slowing (27/48)
 u - a wand of iceblast (6/15)
 K - a wand of flame (9/48)
Scrolls
 i - 2 scrolls of magic mapping
 p - a scroll of remove curse
 s - a scroll of teleportation {unknown}
 t - a scroll of amnesia
 x - 2 scrolls of fear {unknown}
 A - a scroll of random uselessness {unknown}
 B - a scroll of fog {unknown}
 J - a scroll of enchant armour {unknown}
 N - a scroll of recharging {unknown}
 O - a scroll of immolation {unknown}
Potions
 g - a potion of heal wounds {unknown}
 k - a potion of flight
 r - a potion of lignification {unknown}
 w - 3 potions of cancellation
 I - a potion of degeneration {unknown}
 L - a potion of haste {unknown}
 M - a potion of cure mutation {unknown}
 P - a potion of agility {unknown}
Books
 e - a book of Geomancy

   Spells                             Type                      Level
   a - Sandblast                      Earth                        1
   b - Passwall                       Transmutation/Earth          2
   c - Stone Arrow                    Conjuration/Earth            3
   d - Petrify                        Transmutation/Earth          4
   e - Lee's Rapid Deconstruction     Earth                        5
Comestibles
 d - a bread ration
 l - a meat ration
 n - a slice of pizza
 o - 2 royal jellies
 v - 2 beef jerkies
 z - 5 chunks of flesh


   Skills:
 - Level 3.5 Fighting
 - Level 3.1 Short Blades
 - Level 4.1 Polearms
 - Level 3.2 Throwing
 - Level 3.1 Armour
 - Level 3.3 Dodging
 - Level 4.1 Stealth
 - Level 5.2 Spellcasting
 - Level 4.0 Conjurations
   Level 1.1 Transmutations
 + Level 1.9 Air Magic
 - Level 4.0 Earth Magic
 - Level 4.2 Evocations


You had 13 spell levels left.
You knew the following spells:

 Your Spells              Type           Power        Failure   Level  Hunger
a - Sandblast             Erth           ###...       4%          1    None
b - Stone Arrow           Conj/Erth      ###...       12%         3    ##.....
c - Shock                 Conj/Air       ##..         8%          1    None


Dungeon Overview and Level Annotations

Branches:
Dungeon (6/15)             Temple (1/1) D:4

Altars:
Ashenzari
Dithmenos
Elyvilon
Fedhas
Hepliaklqana
Kikubaaqudgha
Makhleb
Nemelex Xobeh
Okawaru
Pakellas
Sif Muna
Trog
Uskayaw
Vehumet
Xom
Yredelemnul
Zin
The Shining One


Innate Abilities, Weirdness & Mutations

You are under a permanent stasis effect.
You can dig through walls and to a lower floor.
Your four strong arms can wield two-handed weapons with a shield.
You have a pair of large antennae on your head. (SInv)


Message History

The puff of flame misses the orc warrior.
The puff of flame hits the plant.
The plant is lightly damaged.
This wand has 9 charges left.
The orc warrior hits you with a war axe!
* * * LOW HITPOINT WARNING * * *
Casting: Sandblast
Confirm with . or Enter, or press ? or * to list all spells.
Aiming: Sandblast
Press: ? - help, Shift-Dir - straight line, f/p - orc warrior
Aim: an orc warrior, wielding a war axe and wearing a plate armour (almost dead)
The blast of sand hits the orc warrior.
The orc warrior is almost dead.
The orc warrior hits you with a war axe.
* * * LOW HITPOINT WARNING * * *
It was a potion of cancellation.
Your magical contamination has completely faded away.
You feel magically purged.
The orc warrior hits you with a war axe!
You die...

#...P♣PPP♣)...♣♣♣♣P..♣♣♣#***##*
#.....P♣P.....PP♣PP..P♣P♣.♣♣♣..
##....P.P.....P♣P♣Pp.P.P.P♣P...
#####............[P.P......P.P...
..............)..................
#....^.#..........#...#..>.......
#......#....(.....#...#......#...
#......#........o.#...#......#...
####..##._######@.##..##..##.###.
####..###.##.#######..##..##.###.
.......+.....#.............+..#..
.......#.....#.............#..#..
.###...##...###'####..##...#..#..
.###...##...###...##..##..##..##.
.............#........######..###
.............#......>.#.......##.
..........)..#........'.......'..


You could see an orc warrior.

Vanquished Creatures
  Grinder (D:3)
  Edmund (D:6)
  4 ogres
  A phantom (D:6)
  3 centaurs
  A giant frog (D:6)
  A wyvern skeleton (D:6)
  A scorpion (D:6)
  A water moccasin skeleton (D:6)
  2 howler monkeys
  2 crimson imps
  3 orc priests
  5 hounds
  10 orc wizards
  Jessica (D:2)
  A giant frog skeleton (D:6)
  2 iguanas
  6 worker ants
  A hound skeleton (D:5)
  Robin (D:2)
  8 gnolls
  8 adders
  2 shadow imps
  An ooze (D:2)
  2 adder skeletons (D:4)
  2 worms (D:2)
  5 dart slugs
  3 giant geckos
  16 orcs
  7 giant cockroaches
  14 goblins
  13 hobgoblins
  5 jackals
  12 kobolds
  3 quokkas
  2 ball pythons
  9 bats
  4 giant newts
  A quokka zombie (D:5)
  7 rats
172 creatures vanquished.

Notes
Turn   | Place    | Note
--------------------------------------------------------------
     0 | D:1      | Kilingo the Formicid Earth Elementalist began the quest for the Orb.
     0 | D:1      | Reached XP level 1. HP: 13/13 MP: 3/3
   127 | D:1      | Reached skill level 1 in Fighting
   312 | D:1      | Reached skill level 1 in Short Blades
   312 | D:1      | Reached XP level 2. HP: 11/21 MP: 0/5
   566 | D:1      | Reached skill level 1 in Armour
   665 | D:1      | Reached XP level 3. HP: 26/26 MP: 2/6
   670 | D:1      | Learned a level 3 spell: Stone Arrow
  1307 | D:1      | Reached skill level 1 in Conjurations
  1447 | D:2      | Reached XP level 4. HP: 29/32 MP: 4/7
  1652 | D:2      | Noticed Jessica
  1658 | D:2      | Killed Jessica
  1826 | D:2      | Reached XP level 5. HP: 39/39 MP: 2/8
  1888 | D:2      | Noticed Robin
  2042 | D:2      | Reached skill level 1 in Evocations
  2136 | D:2      | Killed Robin
  2418 | D:2      | Reached XP level 6. HP: 16/45 MP: 0/9
  2748 | D:3      | Found a faded altar of an unknown god.
  3001 | D:3      | Noticed Grinder
  3010 | D:3      | Reached skill level 1 in Polearms
  3134 | D:3      | Killed Grinder
  3134 | D:3      | Reached XP level 7. HP: 20/51 MP: 0/10
  4414 | D:4      | Reached XP level 8. HP: 57/57 MP: 5/11
  4585 | D:4      | Reached skill level 3 in Spellcasting
  4981 | D:4      | Reached skill level 1 in Throwing
  5096 | D:4      | Found an iron altar of Okawaru.
  5217 | D:4      | Found a staircase to the Ecumenical Temple.
  5226 | Temple   | Entered the Ecumenical Temple
  5448 | Temple   | Upgraded the game from 0.19-a0-585-ge40200b to 0.19-a0-593-gf2cdb02
  5560 | Temple   | Became a worshipper of Vehumet
  6129 | D:5      | Entered Level 5 of the Dungeon
  6240 | D:5      | Got a scorched plate armour
  6809 | D:5      | Got an ichor-stained trident
  6810 | D:5      | Identified the +2 trident of Mun Mudo {pierce, rN++} (You found it on level 5 of the Dungeon)
  7276 | D:6      | Found a shadowy altar of Dithmenos.
  7407 | D:6      | Found a glowing golden altar of the Shining One.
  7506 | D:6      | Found an oddly glowing altar of Pakellas.
  7507 | D:6      | Found a shimmering altar of Xom.
  7610 | D:6      | Reached XP level 9. HP: 64/64 MP: 0/13
  7613 | D:6      | Noticed Edmund
  7647 | D:6      | Killed Edmund
  7980 | D:6      | Found an ancient bone altar of Kikubaaqudgha.
  8282 | D:6      | Reached skill level 4 in Spellcasting
  8317 | D:6      | Reached * piety under Vehumet
  8317 | D:6      | Offered knowledge of Shock by Vehumet.
  8413 | D:6      | Learned a level 1 spell: Shock
  8421 | D:6      | Reached skill level 5 in Spellcasting
  8533 | D:6      | Reached skill level 1 in Air Magic
  8740 | D:6      | HP: 3/64 [orc warrior/war axe (4)]
  8741 | D:6      | Mangled by an orc warrior

Vault maps used:
D:1:      matt_arrival_refuge, serial_curves, eino_curves_03, eino_curves_01,
          minmay_hedge_maze
D:2:      first_bread, minmay_misc_feat_tiny, uniq_robin, uniq_jessica
D:3:      ecumenical_altar_2, kennysheep_crisscross, uniq_grinder
D:4:      marbit_many_paths, temple_fountains
D:5:      st_stairs_8, glass_columns_a, minmay_misc_feat_alley
D:6:      kennysheep_housing_project, lemuel_crystal_altar,
          overflow_temple_1_default, gammafunk_temple_overflow_forgotten,
          uniq_edmund, uniq_pikel
Temple:   dpeg_five_rooms_temple_12

Skill      XL: |  1  2  3  4  5  6  7  8  9 |
---------------+----------------------------+-----
Fighting       | 1 2 3 |  3.5
Short Blades   | 1 2 3 |  3.1
Armour         | 1 2 3 |  3.1
Conjurations   | 1 2 3 4 |  4.0
Evocations     | 2 4 |  4.2
Dodging        | 2 3 |  3.3
Polearms       | 4 |  4.1
Spellcasting   | 3 5 |  5.2
Throwing       | 3 |  3.2
Stealth        | 4 |  4.1
Earth Magic    | 4 |  4.0
Air Magic      | 1 |  1.9
Transmutations | |  1.1

Action                   |  1- 3 |  4- 6 |  7- 9 || total
-------------------------+-------+-------+-------++-------
Melee: Dagger            |    15 |    11 |    11 ||    37
       Spear             |       |    32 |    60 ||    92
       Trident           |       |       |    48 ||    48
Throw: Tomahawk          |       |       |     5 ||     5
       Throwing net      |       |       |     1 ||     1
 Cast: Sandblast         |    48 |    86 |   176 ||   310
       Stone Arrow       |       |     5 |    40 ||    45
       Shock             |       |       |     2 ||     2
 Abil: Dig               |     2 |     5 |     8 ||    15
Evoke: Wand              |       |       |     5 ||     5
  Use: Scroll            |       |     3 |     5 ||     8
       Potion            |       |     1 |     3 ||     4
 Stab: Sleeping          |     6 |     4 |     4 ||    14
       Distracted        |     1 |       |       ||     1
  Eat: Chunk             |     3 |     7 |    12 ||    22
       Bread ration      |       |       |     3 ||     3
Armor: Leather armour    |    10 |    49 |    85 ||   144
Dodge: Dodged            |    29 |    83 |   177 ||   289
